 Dungeon Crawl Stone Soup version 0.21-a0-91-ga5031da (webtiles) character file.

2345 Gorglomux the Stinger (level 9, 0/54 HPs)
             Began as a Tengu Venom Mage on June 29, 2017.
             Was a Follower of Cheibriados.
             Slain by Pikel
             ... wielding a +1 whip of flaming
              (15 damage)
             ... on level 7 of the Dungeon.
             The game lasted 00:14:12 (8366 turns).

Gorglomux the Stinger (Tengu Venom Mage)            Turns: 8366, Time: 00:14:13

Health: 0/54       AC:  5    Str: 12    XL:     9   Next: 43%
Magic:  12/26      EV: 14    Int: 20    God:    Cheibriados [*.....]
Gold:   220        SH:  0    Dex: 16    Spells: 4/18 levels left

rFire    . . .     SeeInvis .   S - +3 dagger (venom)
rCold    + + .     Gourm    .   (no shield)
rNeg     . . .     Faith    .   a - +0 robe
rPois    .         Spirit   .   (helmet restricted)
rElec    +         Reflect  .   (no cloak)
rCorr    .         Harm     .   w - +2 pair of gloves
MR       .....                  (boots unavailable)
Stlth    ++........             (no amulet)
HPRegen  0.18/turn              I - ring of magical power
MPRegen  0.20/turn              c - ring of protection from cold

@: very slow
A: antennae 1, beak, talons 3, cold resistance 1, deterioration 1, electricity
resistance, able to fly 1
a: Fly, Bend Time, Renounce Religion


You were on level 7 of the Dungeon.
You worshipped Cheibriados.
Cheibriados was aware of your devotion.
You were not hungry.

You visited 2 branches of the dungeon, and saw 8 of its levels.

You collected 385 gold pieces.
You spent 165 gold pieces at shops.

Inventory:

Hand Weapons
 N - a +0 dagger of draining
 S - a +3 dagger of venom (weapon)
Armour
 a - a +0 robe (worn)
 p - a +1 ring mail of poison resistance
 w - a +2 pair of gloves (worn)
Magical Staves
 W - an uncursed staff of fire
Jewellery
 c - a ring of protection from cold (right hand)
 I - a ring of magical power (left hand)
Wands
 E - a wand of enslavement (12/24)
 O - a wand of clouds (6/9)
 P - a wand of paralysis (8/24)
Scrolls
 e - 8 scrolls of remove curse
 v - 2 scrolls of enchant armour {unknown}
 y - 2 scrolls of amnesia {unknown}
 A - 4 scrolls of magic mapping
 B - a scroll of blinking
 C - a scroll of fog
 G - 3 scrolls of enchant weapon {unknown}
 H - 2 scrolls of recharging {unknown}
 J - a scroll of random uselessness {unknown}
 K - 2 scrolls of immolation {unknown}
 T - 4 scrolls of teleportation
 Y - a scroll of fear
 Z - a scroll of noise {unknown}
Potions
 d - 3 potions of flight
 q - a potion of agility
 t - 2 potions of lignification
 u - 2 potions of haste
 x - 2 potions of brilliance {unknown}
 D - 5 potions of heal wounds
 L - 2 potions of resistance {unknown}
 Q - a potion of curing
 U - 2 potions of might
 V - a potion of degeneration {unknown}
 X - 2 potions of berserk rage
Books
 b - a Young Poisoner's Handbook

   Spells                             Type                      Level
   a - Sting                          Conjuration/Poison           1
   b - Poisonous Vapours              Poison/Air                   2
   c - Mephitic Cloud                 Conjuration/Poison/Air       3
   d - Olgreb's Toxic Radiance        Poison                       4
   e - Venom Bolt                     Conjuration/Poison           5
 s - a book of Callings

   Spells                             Type                      Level
   a - Summon Small Mammal            Summoning                    1
   b - Call Imp                       Summoning                    2
   c - Call Canine Familiar           Summoning                    3
   d - Summon Guardian Golem          Hexes/Summoning              3
   e - Summon Lightning Spire         Summoning/Air                4
   f - Summon Ice Beast               Ice/Summoning                4
 M - a book of Changes

   Spells                             Type                      Level
   a - Beastly Appendage              Transmutation                1
   b - Sticks to Snakes               Transmutation                2
   c - Spider Form                    Transmutation/Poison         3
   d - Ice Form                       Ice/Transmutation            4
   e - Blade Hands                    Transmutation                5
Comestibles
 r - 5 bread rations
 z - 2 meat rations
 F - 4 fruits
 R - 8 chunks of flesh


   Skills:
 + Level 5.2 Fighting
 + Level 4.1 Dodging
 - Level 2.0 Stealth
 - Level 5.1 Spellcasting
 - Level 3.2 Conjurations
 - Level 4.4 Summonings
 - Level 5.2 Air Magic
 - Level 7.5 Poison Magic


You had 4 spell levels left.
You knew the following spells:

 Your Spells              Type           Power        Failure   Level  Hunger
a - Sting                 Conj/Pois      ####         1%          1    None
b - Poisonous Vapours     Pois/Air       ####..       1%          2    None
c - Olgreb's Toxic Radia  Pois           #####...     5%          4    ####...
d - Summon Guardian Gole  Hex/Summ       ##......     14%         3    ##.....
l - Summon Lightning Spi  Summ/Air       ###.....     16%         4    ####...


Dungeon Overview and Level Annotations

Branches:
Dungeon (7/15)             Temple (1/1) D:6

Altars:
Ashenzari
Cheibriados
Dithmenos
Elyvilon
Fedhas
Gozag
Hepliaklqana
Kikubaaqudgha
Makhleb
Nemelex Xobeh
Qazlal
Ru
Sif Muna
Trog
Uskayaw
Vehumet
Wu Jian
Xom
Yredelemnul
Zin
The Shining One

Shops:
D:4 ?

Annotations:
D:6 1 runed door
D:7 Pikel


Innate Abilities, Weirdness & Mutations

You have a beak for a mouth.
You have claws for feet.
You can fly.
You have a pair of small antennae on your head.
Your flesh is cold resistant. (rC+)
Your body sometimes deteriorates upon taking damage.
You are resistant to electric shocks. (rElec)


Message History

Confirm with . or Enter, or press ? or * to list all spells.
Aiming: Poisonous Vapours
Press: ? - help, Dir - move target cursor, f - Pikel, p - slave
Aim: Pikel, wielding a whip of flaming and wearing a glowing robe (lightly wounded) Poisonous vapours surround Pikel!
The slave hits you!
* * * LOW HITPOINT WARNING * * *
Casting: Poisonous Vapours
Confirm with . or Enter, or press ? or * to list all spells.
Aiming: Poisonous Vapours
Press: ? - help, Dir - move target cursor, f/p - Pikel
Aim: Pikel, wielding a whip of flaming and wearing a glowing robe (lightly wounded) Poisonous vapours surround Pikel!
The slave shouts!
You kill the slave!
That felt strangely unrewarding.
Pikel is engulfed in poison gas.
Pikel is poisoned.
Pikel says, "Slavery isn't that bad."
Pikel drinks a potion.
Pikel goes berserk!
Pikel hits you with a whip of flaming!
You die...

.#'####...........#
#.##..8... .#.#
#...........#
#.##...... #.#
#...........#
#.##...... #.#
#...........#
#.##.....> #.#
######.######
#.##...... #.# #.#
#.##......
#p#########.#
#.###.8...
...........########
#.#
.........ppp.K@..>#
#.#
#################.#
#.# #.####.#
#......# #.####.#
### ###


You could see Pikel (berserk) and 3 slaves.

Vanquished Creatures
  The ghost of Duffy the Insei, a novice OpTm (D:6)
  Prince Ribbit (D:7)
  Grinder (D:6)
  A water moccasin (D:7)
  An ice beast (D:6)
  A slave (D:7)
  2 sky beasts (D:5)
  A phantom (D:6)
  An ogre (D:4)
  A centaur (D:5)
  A water moccasin zombie (D:6)
  2 scorpions
  A water moccasin skeleton (D:6)
  A howler monkey (D:7)
  2 crimson imps
  2 hounds (D:6)
  9 orc wizards
  4 orc priests (D:4)
  A centaur skeleton (D:4)
  2 worker ants
  A worker ant zombie (D:5)
  4 adders
  A shadow imp (D:7)
  An ooze (D:2)
  3 worms
  2 dart slugs
  5 leopard geckos
  19 orcs
  A ball python (D:1)
  7 bats
  3 giant cockroaches
  6 goblins
  3 hobgoblins
  7 jackals
  7 quokkas
  3 frilled lizards
  15 kobolds
  A leopard gecko skeleton (D:4)
  11 rats
136 creatures vanquished.

Vanquished Creatures (collateral kills)
  Menkaure (D:6)
  A big kobold (D:7)
  A quasit (D:7)
  2 orc wizards (D:7)
  2 orcs (D:7)
  A kobold (D:7)
8 creatures vanquished.

Grand Total: 144 creatures vanquished

Notes
Turn   | Place    | Note
-------+----------+-------------------------------------------
     0 | D:1      | Gorglomux the Tengu Venom Mage began the quest for the Orb.
     0 | D:1      | Reached XP level 1. HP: 10/10 MP: 4/4
   401 | D:1      | Reached XP level 2. HP: 9/15 MP: 1/6
   695 | D:1      | Learned a level 2 spell: Poisonous Vapours
  1622 | D:2      | Reached XP level 3. HP: 11/19 MP: 1/8
  1848 | D:2      | Reached skill level 3 in Conjurations
  2068 | D:2      | Reached skill level 3 in Spellcasting
  2168 | D:2      | Reached XP level 4. HP: 24/24 MP: 9/9
  2222 | D:2      | Learned a level 4 spell: Olgreb's Toxic Radiance
  2410 | D:2      | Reached skill level 1 in Air Magic
  3710 | D:4      | Gained mutation: You can fly. [Tengu growth]
  3710 | D:4      | Reached XP level 5. HP: 28/28 MP: 6/11
  4059 | D:4      | Reached skill level 4 in Poison Magic
  4187 | D:4      | Reached XP level 6. HP: 29/32 MP: 13/13
  4467 | D:4      | Reached skill level 5 in Poison Magic
  4500 | D:4      | Reached XP level 7. HP: 14/36 MP: 11/15
  4690 | D:4      | Found Cetoz's Magic Scroll Shop.
  4700 | D:4      | Bought a scroll of fear for 35 gold pieces
  4700 | D:4      | Bought a scroll of identify for 20 gold pieces
  4700 | D:4      | Bought a scroll of blinking for 75 gold pieces
  4700 | D:4      | Bought a scroll of magic mapping for 35 gold pieces
  5045 | D:5      | Entered Level 5 of the Dungeon
  5078 | D:5      | Reached skill level 6 in Poison Magic
  5428 | D:5      | Reached skill level 7 in Poison Magic
  5434 | D:5      | Reached XP level 8. HP: 41/41 MP: 16/16
  5445 | D:5      | Gained mutation: Your body sometimes deteriorates upon taking damage. [mutagenic meat]
  5455 | D:5      | Gained mutation: You are resistant to electric shocks. (rElec) [mutagenic meat]
  5456 | D:5      | Gained mutation: You have a pair of small antennae on your head. [mutagenic meat]
  5458 | D:5      | Gained mutation: Your flesh is cold resistant. (rC+) [mutagenic meat]
  5809 | D:6      | Learned a level 3 spell: Summon Guardian Golem
  5814 | D:6      | Learned a level 4 spell: Summon Lightning Spire
  5862 | D:6      | Noticed Duffy's ghost (novice OpTm)
  5876 | D:6      | HP: 2/42 [Duffy's ghost (12)]
  6121 | D:6      | Reached skill level 1 in Fighting
  6121 | D:6      | Reached skill level 1 in Summonings
  6165 | D:6      | Noticed Grinder
  6173 | D:6      | Killed Grinder
  6443 | D:6      | Reached skill level 3 in Air Magic
  6614 | D:6      | Found a shimmering altar of Xom.
  6667 | D:6      | Found a staircase to the Ecumenical Temple.
  6772 | Temple   | Entered the Ecumenical Temple
  7027 | Temple   | Became a worshipper of Cheibriados the Contemplative
  7257 | D:6      | Found a runed door.
  7337 | D:6      | Noticed Menkaure
  7347 | D:6      | Killed Menkaure
  7347 | D:6      | Reached skill level 3 in Summonings
  7630 | D:6      | Reached skill level 3 in Fighting
  7804 | D:6      | Killed Duffy's ghost
  7804 | D:6      | Reached XP level 9. HP: 46/52 MP: 9/17
  7907 | D:7      | Reached * piety under Cheibriados
  7917 | D:7      | Reached skill level 3 in Dodging
  7943 | D:7      | HP: 2/52 [poisoned by a water moccasin]
  7950 | D:7      | HP: 2/52 [poisoned by a water moccasin]
  7955 | D:7      | HP: 1/52 [poisoned by a water moccasin]
  7961 | D:7      | HP: 1/52 [poisoned by a water moccasin]
  7967 | D:7      | HP: 1/52 [poisoned by a water moccasin]
  7973 | D:7      | HP: 1/52 [poisoned by a water moccasin]
  8326 | D:7      | Noticed Prince Ribbit
  8337 | D:7      | Killed Prince Ribbit
  8356 | D:7      | Noticed Pikel
  8366 | D:7      | Slain by Pikel

Vault maps used:
D:1:      dpeg_arrival_stonehenge_12_columns
D:2:      item_on_display_a
D:4:      serial_shops, shop, first_bread
D:6:      temple_hall, dk_xom_monty_hall, uniq_grinder, uniq_menkaure,
          uniq_crazy_yiuf_cottage
D:7:      okawaru_altar_gauntlet_db, serial_shops, kennysheep_mini_moat,
          st_stairs_1, uniq_pikel, uniq_prince_ribbit1
Temple:   nicolae_temple_the_god_donut

Skill      XL: |  1  2  3  4  5  6  7  8  9 |
---------------+----------------------------+-----
Conjurations   | 2 3 |  3.2
Spellcasting   | 3 4 5 |  5.1
Air Magic      | 1 5 |  5.2
Poison Magic   | 4 5 7 |  7.5
Fighting       | 4 5 |  5.2
Summonings     | 4 |  4.4
Dodging        | 4 |  4.1
Stealth        | |  2.0

Action                   |  1- 3 |  4- 6 |  7- 9 || total
-------------------------+-------+-------+-------++-------
Melee: Unarmed           |    21 |       |       ||    21
       Kick              |     5 |     7 |    25 ||    37
       Peck              |     4 |     6 |    15 ||    25
       Dagger            |       |    20 |   109 ||   129
 Cast: Sting             |    46 |    18 |     1 ||    65
       Poisonous Vapours |    16 |    59 |    30 ||   105
       Olgreb's Toxic Ra |       |     5 |    12 ||    17
       Summon Lightning  |       |       |     9 ||     9
       Summon Guardian G |       |       |     2 ||     2
  Use: Scroll            |       |       |    12 ||    12
 Stab: Sleeping          |       |     1 |       ||     1
       Distracted        |       |       |     1 ||     1
  Eat: Chunk             |     3 |    11 |    16 ||    30
       Royal jelly       |     1 |       |     1 ||     2
       Fruit             |       |       |     3 ||     3
Armor: Robe              |     4 |     4 |    39 ||    47
Dodge: Dodged            |    25 |    20 |    81 ||   126
